 Dungeon Crawl Stone Soup version 0.24-a0-139-geb6712d (console) character file.

Game seed: 2061840068545374582

111626 Duffy the Eclecticist (level 16, -4/97 HPs)
             Began as a Deep Elf Fire Elementalist on Mar 3, 2019.
             Was a High Priest of Vehumet.
             Shot with an arrow by a deep elf archer (5 damage)
             ... on level 2 of the Elven Halls.
             The game lasted 01:04:54 (51306 turns).

Duffy the Eclecticist (Deep Elf Fire Elementalist) Turns: 51306, Time: 01:04:55

Health: -4/97      AC: 14    Str:  7    XL:     16   Next: 9%
Magic:  40/40      EV: 21    Int: 34    God:    Vehumet [*****.]
Gold:   307        SH:  7    Dex: 19    Spells: 14/51 levels left

rFire    + . .     SeeInvis .   p - staff of conjuration {!a}
rCold    + . .     Gourm    .   k - +1 buckler of the Arcane {rF+ Dex+4}
rNeg     . . .     Faith    .   o - +1 robe {MR+}
rPois    .         Spirit   .   A - +1 helmet {Int+3}
rElec    +         Reflect  .   m - +1 cloak of Disaster {rC+}
rCorr    .         Harm     .   E - +0 pair of gloves of the Undertaker {*Contam rElec Str+2 Int+3 Slay+4}
MR       +++..                  L - +0 pair of boots
Stlth    ++........             W - amulet of magic regeneration
HPRegen  0.26/turn              H - ring of protection from magic
MPRegen  0.52/turn              C - +4 ring of protection

@: no status effects
A: no striking features
a: Renounce Religion


You were on level 2 of the Elven Halls.
You worshipped Vehumet.
Vehumet was extremely pleased with you.
You were not hungry.

You visited 5 branches of the dungeon, and saw 25 of its levels.

You collected 4207 gold pieces.
You spent 3900 gold pieces at shops.

Inventory:

Hand Weapons
 B - a +6 trident
Armour
 k - the +1 buckler of the Arcane (worn) {rF+ Dex+4}
   (You bought it in a shop on level 14 of the Dungeon)

   It affects your dexterity (+4).
   It protects you from fire.
 m - the +1 cloak of Disaster (worn) {rC+}
   (You bought it in a shop on level 12 of the Dungeon)

   It protects you from cold.
 o - a +1 robe of magic resistance (worn)
 A - a +1 helmet of intelligence (worn)
 E - the +0 pair of gloves of the Undertaker (worn) {*Contam rElec Str+2 Int+3 Slay+4}
   (You bought it in a shop on level 12 of the Dungeon)

   It affects your strength (+2).
   It affects your intelligence (+3).
   It affects your accuracy and damage with ranged weapons and melee attacks
   (+4).
   It insulates you from electricity.
   It causes magical contamination when unequipped.
 L - a +0 pair of boots (worn)
Magical Staves
 p - an uncursed staff of conjuration (weapon) {!a}
 G - an uncursed staff of wizardry {!a}
Jewellery
 q - an uncursed ring of see invisible
 C - a +4 ring of protection (right hand)
 H - a ring of protection from magic (left hand)
 W - an amulet of magic regeneration (around neck)
Wands
 n - a wand of disintegration (9)
 v - a wand of paralysis (15)
 y - a wand of acid (7)
 O - a wand of scattershot (3)
 P - a wand of clouds (9)
 S - a wand of iceblast (23)
 X - a wand of digging (8)
Scrolls
 b - 6 scrolls of identify
 e - 8 scrolls of teleportation
 h - 3 scrolls of fog
 r - 3 scrolls of magic mapping
 s - 4 scrolls of fear
 u - a scroll of remove curse
 M - a scroll of summoning
 Q - 4 scrolls of blinking
 T - 4 scrolls of immolation
Potions
 d - 5 potions of resistance
 f - 2 potions of invisibility
 g - 10 potions of curing
 i - 4 potions of heal wounds
 l - 4 potions of haste
 w - 2 potions of magic
 F - 3 potions of brilliance
 K - 4 potions of agility
 R - a potion of ambrosia
 Y - a potion of cancellation
 Z - 5 potions of flight
Miscellaneous
 a - a sack of spiders
 j - a phial of floods
 t - a lamp of fire
Comestibles
 c - 21 rations


   Skills:
 - Level 10.0 Fighting
 - Level 4.0 Armour
 - Level 11.0 Dodging
 - Level 2.4 Stealth
 - Level 4.0 Shields
 + Level 18.2 Spellcasting
 + Level 12.2 Conjurations
 - Level 5.1 Charms
 - Level 2.0 Summonings
 - Level 5.1 Necromancy
 - Level 2.0 Translocations
 + Level 10.4 Fire Magic
 - Level 2.0 Air Magic
 - Level 8.0 Earth Magic
 - Level 2.0 Poison Magic
 - Level 10.0 Evocations


You had 14 spell levels left.
You knew the following spells:

 Your Spells              Type           Power        Failure   Level  Hunger
b - Apportation           Tloc           #####.       1%          1    None
h - Iskenderun's Mystic   Conj           ########     1%          4    None
i - Spellforged Servitor  Conj/Summ      #######...   13%         7    ###....
j - Iron Shot             Conj/Erth      ########..   1%          6    None
k - Fireball              Conj/Fire      ########..   1%          5    None
l - Lee's Rapid Deconstr  Erth           ######....   1%          5    None
o - Mephitic Cloud        Conj/Pois/Air  #######.     1%          3    None
t - Summon Butterflies    Summ           #####...     1%          1    None
y - Regeneration          Chrm/Necr      ######....   1%          3    None
B - Blink                 Tloc           N/A          1%          2    None

Your spell library contained the following spells:

 Spells                   Type           Power        Failure   Level  Hunger
 Freezing Cloud           Conj/Ice/Air   #######...   7%          6    None
 Flame Tongue             Conj/Fire      #####        0%          1    None
 Magic Dart               Conj           ####         0%          1    None
 Searing Ray              Conj           ######       0%          2    None
 Throw Flame              Conj/Fire      ######       0%          2    None
 Animate Skeleton         Necr           N/A          1%          1    None
 Beastly Appendage        Tmut           ####..       1%          1    None
 Confusing Touch          Hex            ####..       1%          1    None
 Corona                   Hex            ####...      1%          1    None
 Infusion                 Chrm           ####         1%          1    None
 Pain                     Necr           ####         1%          1    None
 Summon Small Mammal      Summ           ####         1%          1    None
 Call Imp                 Summ           #####...     1%          2    None
 Ensorcelled Hibernation  Hex/Ice        ####..       1%          2    None
 Shroud of Golubria       Chrm/Tloc      ######....   1%          2    None
 Slow                     Hex            ####....     1%          2    None
 Song of Slaying          Chrm           ######..     1%          2    None
 Sticks to Snakes         Tmut           ####....     1%          2    None
 Call Canine Familiar     Summ           #####...     1%          3    None
 Conjure Flame            Conj/Fire      ########     1%          3    None
 Dazzling Spray           Conj/Hex       ######       1%          3    None
 Inner Flame              Hex/Fire       ######..     1%          3    None
 Recall                   Summ/Tloc      N/A          1%          3    None
 Spectral Weapon          Hex/Chrm       #####...     1%          3    None
 Vampiric Draining        Necr           ######....   1%          3    None
 Animate Dead             Necr           N/A          1%          4    None
 Force Lance              Conj/Tloc      #######.     1%          4    None
 Fulminant Prism          Conj/Hex       #######...   1%          4    None
 Sticky Flame             Conj/Fire      ########     1%          4    None
 Spider Form              Tmut/Pois      #####.....   2%          3    None
 Borgnjor's Vile Clutch   Necr/Erth      ######....   2%          5    None
 Confuse                  Hex            ####....     3%          3    None
 Tukima's Dance           Hex            ####....     3%          3    None
 Summon Ice Beast         Ice/Summ       #####...     8%          4    None
 Ice Form                 Ice/Tmut       ####....     12%         4    None
 Aura of Abjuration       Summ           #####.....   14%         5    None
 Summon Demon             Summ           #####.....   14%         5    None
 Summon Forest            Summ/Tloc      #####.....   14%         5    None
 Summon Mana Viper        Hex/Summ       #####...     21%         5    None
 Death Channel            Necr           ######....   22%         6    None
 Blade Hands              Tmut           ####......   32%         5    None
 Simulacrum               Ice/Necr       #####.....   52%         6    None
 Shadow Creatures         Summ           N/A          58%         6    None
 Summon Hydra             Summ           #####.....   99%         7    ###....
 Dragon's Call            Summ           #####.....   100%        9    ######.


Dungeon Overview and Level Annotations

Branches:
Dungeon (14/15)            Temple (1/1) D:6            Lair (6/6) D:10
 Shoals (0/4) Lair:3       Spider (0/4) Lair:4        Slime (0/5) Lair:5
    Orc (2/2) D:12            Elf (2/3) Orc:2        Vaults (0/5) D:13

Altars:
Ashenzari
Cheibriados
Dithmenos
Elyvilon
Fedhas
Gozag
Hepliaklqana
Kikubaaqudgha
Makhleb
Nemelex Xobeh
Okawaru
Qazlal
Ru
Sif Muna
Trog
Uskayaw
Vehumet
Wu Jian
Xom
Yredelemnul
Zin
The Shining One
Beogh
Jiyva

Shops:
D:9 **?*   D:12 ([   D:14 **[[   Orc:2 }[(}:


Message History

The deep elf knight seems to speed up.
The deep elf archer unwields a +3 dagger.
The deep elf archer wields a +0 shortbow.
The deep elf archer shoots an arrow.
You block the arrow.
The deep elf mage mumbles some strange words.
The +1 halberd of chopping hits you from afar.
There is a stone staircase leading up, spattered with blood here.
You see here 3 arrows.
The deep elf archer unwields a +0 dagger.
The deep elf archer wields a +0 shortbow.
The deep elf archer shoots an arrow.
The arrow hits you!! The +1 halberd of chopping misses you.
The deep elf archer gestures at you while chanting.
You resist with almost no effort.
The deep elf mage gestures wildly while chanting.
The deep elf mage conjures a globe of magical energy!
The deep elf knight casts a spell at you.
The shard of ice hits you!!! You partially resist.
The deep elf archer shoots an arrow.
The arrow hits you.
You die...

.# #.# # ..
e##.###
##.....#+
#+..e(e.$##
#(###.ee..e...#
#......@ee.....
####...$e).....
#..*..)..e.E
#|e.........
#...e.......
##...!.....#
##.......##
##.....##


You could see 4 deep elf archers, a deep elf knight, an earth elemental, 7 deep
elf magi, a +1 halberd of chopping and a battlesphere.

Vanquished Creatures
  Agnes (D:14)
  Kirke (Elf:1)
  A frost giant (D:11)
  An orc warlord (Orc:2)
  A deep elf demonologist (Elf:1)
  Azrael (D:14)
  Snorg (D:14)
  A fire dragon (Lair:6)
  The ghost of Yheosepp the Carver, a journeyman HuGl of Uskayaw (Lair:3)
  An ogre mage (D:12)
  A rakshasa (D:14)
  8 vault guards (D:13)
  10 hydras
  A catoblepas (Lair:5)
  5 two-headed ogres
  7 dancing weapons (Elf:1)
  2 orc high priests (Orc:2)
  Urug (Lair:1)
  Nergalle (Lair:2)
  6 deep elf knights
  5 unseen horrors
  A swamp dragon (Lair:6)
  A wizard (D:12)
  3 deep elf archers (Elf:1)
  An orc knight (Orc:2)
  A wolf spider zombie (D:13)
  3 orc sorcerers
  An oklob plant (Orc:2)
  A necromancer (D:12)
  28 deep elf magi
  2 cyclopes
  5 manticores
  3 ugly things
  6 elephants (Lair:4)
  Joseph (D:9)
  2 centaur zombies
  2 black mambas
  Psyche (D:10)
  2 gargoyles
  7 spiny frogs
  2 rime drakes (Lair:6)
  9 komodo dragons
  2 kobold demonologists (D:12)
  A yaktaur (shapeshifter) (D:10)
  3 tengu conjurers
  3 queen bees
  7 trolls
  A meliai (shapeshifter) (Elf:1)
  3 meliai (D:11)
  20 blink frogs
  5 hornets
  11 dream sheep
  6 hippogriffs
  A meliai zombie (D:10)
  A vampire (D:12)
  2 wyverns
  2 wraiths
  44 yaks
  5 basilisks
  3 fire elementals (D:14)
  A hungry ghost (D:13)
  3 vampire mosquitoes (D:14)
  3 hogs (Elf:1)
  3 steam dragons
  6 wargs
  7 water moccasins
  3 acid dragons
  2 swamp drakes (Lair:6)
  2 hell hounds (D:14)
  4 sky beasts
  8 porcupines
  2 ice beasts
  A necrophage (D:6)
  6 black bears
  33 orc warriors
  2 eyes of draining (D:12)
  10 ogres
  3 phantoms
  2 boggarts (D:12)
  14 wolves
  9 centaurs
  11 crocodiles
  2 big kobolds
  19 bullfrogs
  A gnoll sergeant (D:10)
  An earth elemental (Elf:1)
  12 scorpions
  2 water moccasin skeletons
  45 killer bees
  4 wights (D:7)
  7 howler monkeys
  An electric eel (D:14)
  13 crimson imps
  19 orc priests
  5 bullfrog skeletons
  3 hounds
  A jelly (D:9)
  2 bullfrog zombies
  7 centaur skeletons
  35 orc wizards
  3 iguanas
  Terence (D:2)
  Ijyb (D:3)
  7 hell rats (Lair:6)
  25 worker ants
  2 killer bee zombies
  2 hound skeletons
  A worker ant zombie (D:4)
  12 gnolls
  7 adders
  5 river rats (D:5)
  3 shadow imps
  An adder zombie (D:3)
  An adder skeleton (D:3)
  5 worms
  3 leopard geckos
  116 orcs
  2 bat zombies (D:9)
  8 giant cockroaches
  12 goblins
  8 hobgoblins
  16 jackals
  12 quokkas
  2 ball pythons
  10 bats
  11 frilled lizards
  A giant cockroach zombie (D:6)
  23 kobolds
  A quokka skeleton (D:6)
  23 rats
  A rat zombie (D:9)
  2 butterflies (D:10)
  2 fungi (Lair:4)
  5 plants
907 creatures vanquished.

Vanquished Creatures (others)
  An orc wizard (D:6)
  A gnoll (D:10)
  2 orcs (D:6)
  A bush (Lair:3)
  64 fungi
  58 plants
  5 toadstools (D:14)
132 creatures vanquished.

Grand Total: 1039 creatures vanquished

Notes
Turn   | Place    | Note
-------+----------+-------------------------------------------
     0 | D:1      | Duffy the Deep Elf Fire Elementalist began the quest for
                  | the Orb.
     0 | D:1      | Reached XP level 1. HP: 10/10 MP: 6/6
   323 | D:1      | Reached XP level 2. HP: 15/15 MP: 5/8
   962 | D:1      | Reached XP level 3. HP: 19/19 MP: 7/9
   967 | D:1      | Learned a level 3 spell: Conjure Flame
  1957 | D:2      | Reached XP level 4. HP: 21/24 MP: 5/11
  2044 | D:2      | Learned a level 4 spell: Sticky Flame
  2104 | D:2      | Noticed Terence
  2111 | D:2      | Killed Terence
  2270 | D:2      | Reached skill level 4 in Spellcasting
  2948 | D:3      | Found a blossoming altar of Fedhas.
  2950 | D:3      | Noticed a bullfrog
  2960 | D:3      | Killed a bullfrog
  2960 | D:3      | Reached XP level 5. HP: 12/28 MP: 2/13
  3722 | D:2      | Reached skill level 5 in Spellcasting
  3722 | D:2      | Reached XP level 6. HP: 26/32 MP: 15/15
  3729 | D:2      | Learned a level 5 spell: Fireball
  4185 | D:3      | Noticed Ijyb
  4193 | D:3      | Killed Ijyb
  4442 | D:4      | Reached skill level 5 in Fire Magic
  4451 | D:4      | Learned a level 2 spell: Blink
  4542 | D:4      | Reached skill level 5 in Conjurations
  4861 | D:4      | Reached XP level 7. HP: 34/37 MP: 3/16
  5208 | D:4      | Reached skill level 1 in Shields
  5379 | D:5      | Entered Level 5 of the Dungeon
  5620 | D:5      | Reached skill level 1 in Fighting
  7384 | D:6      | Reached XP level 8. HP: 45/45 MP: 12/17
  7535 | D:6      | Found a staircase to the Ecumenical Temple.
  7546 | Temple   | Entered the Ecumenical Temple
  7686 | Temple   | Became a worshipper of Vehumet
  7717 | D:6      | Reached skill level 5 in Dodging
  8348 | D:6      | Found a sacrificial altar of Ru.
  8352 | D:6      | Found a stormy altar of Qazlal.
  8352 | D:6      | Found a hide-covered altar of Uskayaw.
  8417 | D:6      | Found an iron altar of Okawaru.
  8419 | D:6      | Found a shadowy altar of Dithmenos.
  8643 | D:7      | Reached skill level 5 in Fighting
  8723 | D:7      | Reached XP level 9. HP: 54/54 MP: 11/18
  8930 | D:7      | Reached * piety under Vehumet
  8930 | D:7      | Offered knowledge of Sting by Vehumet.
  9030 | D:7      | Learned a level 3 spell: Mephitic Cloud
  9334 | D:7      | Reached skill level 1 in Translocations
  9334 | D:7      | Reached skill level 1 in Poison Magic
  9362 | D:7      | Reached skill level 1 in Air Magic
  9928 | D:8      | Reached skill level 6 in Spellcasting
 10630 | D:9      | Reached ** piety under Vehumet
 10801 | D:9      | Noticed a troll
 10822 | D:9      | Killed a troll
 10930 | D:9      | Offered knowledge of Shock by Vehumet.
 11002 | D:9      | Found an opulent altar of Gozag.
 11304 | D:9      | Found Syqisats's Assorted Antiques.
 11336 | D:9      | Bought a fizzy purple potion for 20 gold pieces
 11336 | D:9      | Bought 3 scrolls labeled NUD PYSTRIHIR for 69 gold pieces
 11336 | D:9      | Bought an amethyst potion for 20 gold pieces
 11336 | D:9      | Bought a scroll labeled YGIPRO HUXE for 23 gold pieces
 11608 | D:9      | Noticed Joseph
 11943 | D:9      | Found Zuguugush's General Store.
 11951 | D:9      | Bought a scroll of magic mapping for 49 gold pieces
 11951 | D:9      | Bought a scroll of identify for 28 gold pieces
 11962 | D:9      | Found Noteg's Magic Scroll Shoppe.
 11967 | D:9      | Bought a scroll of blinking for 90 gold pieces
 11967 | D:9      | Bought a scroll of random uselessness for 12 gold pieces
 11967 | D:9      | Bought a scroll of identify for 24 gold pieces
 11967 | D:9      | Bought a scroll of identify for 24 gold pieces
 11967 | D:9      | Bought a scroll of identify for 24 gold pieces
 11967 | D:9      | Bought a scroll of identify for 24 gold pieces
 11967 | D:9      | Bought a scroll of identify for 24 gold pieces
 11967 | D:9      | Bought a scroll of remove curse for 36 gold pieces
 11967 | D:9      | Bought a scroll of fear for 42 gold pieces
 11967 | D:9      | Bought a scroll of summoning for 114 gold pieces
 11979 | D:9      | Reached XP level 10. HP: 59/59 MP: 17/21
 12016 | D:9      | Killed Joseph
 12142 | D:9      | Reached skill level 7 in Spellcasting
 12211 | D:9      | Found Zorusaat's Assorted Antiques.
 12219 | D:9      | Bought a scroll labeled ZAN CIOCUOFU for 26 gold pieces
 12219 | D:9      | Bought a scroll labeled NUWESUKHLO for 26 gold pieces
 12272 | D:9      | Found an ancient bone altar of Kikubaaqudgha.
 12378 | D:10     | Entered Level 10 of the Dungeon
 12384 | D:10     | Learned a level 1 spell: Summon Butterflies
 12522 | D:10     | Offered knowledge of Ignite Poison by Vehumet.
 12619 | D:10     | Reached skill level 1 in Summonings
 12850 | D:10     | Reached *** piety under Vehumet
 12850 | D:10     | Reached skill level 8 in Spellcasting
 12986 | D:10     | Found a runed translucent door.
 12987 | D:10     | Found a runed translucent door.
 13154 | D:10     | Noticed a two-headed ogre
 13158 | D:10     | Killed a two-headed ogre
 13285 | D:10     | Reached skill level 9 in Spellcasting
 13381 | D:10     | Offered knowledge of Dazzling Spray by Vehumet.
 13558 | D:10     | Found a staircase to the Lair.
 13562 | D:10     | Noticed Psyche
 13789 | D:10     | Killed Psyche
 13789 | D:10     | Reached skill level 1 in Evocations
 13789 | D:10     | Reached XP level 11. HP: 59/63 MP: 19/26
 14266 | Lair:1   | Entered Level 1 of the Lair of Beasts
 14266 | Lair:1   | Noticed Urug
 14270 | Lair:1   | Killed Urug
 14371 | D:10     | Reached **** piety under Vehumet
 14371 | D:10     | Reached skill level 5 in Evocations
 14834 | Lair:1   | Offered knowledge of Lee's Rapid Deconstruction by Vehumet.
 15053 | Lair:1   | Learned a level 5 spell: Lee's Rapid Deconstruction
 15253 | Lair:1   | Reached skill level 1 in Earth Magic
 15255 | Lair:1   | Reached skill level 10 in Spellcasting
 16189 | Lair:2   | Reached skill level 11 in Spellcasting
 16191 | Lair:2   | Noticed a six-headed hydra
 16587 | Lair:2   | Killed a six-headed hydra
 16587 | Lair:2   | Reached ***** piety under Vehumet
 16787 | Lair:2   | Noticed a five-headed hydra
 16792 | Lair:2   | Killed a five-headed hydra
 16792 | Lair:2   | Reached skill level 5 in Earth Magic
 17009 | Lair:2   | Offered knowledge of Yara's Violent Unravelling by Vehumet.
 17009 | Lair:2   | Reached XP level 12. HP: 68/68 MP: 16/29
 17327 | Lair:2   | Noticed Nergalle
 17332 | Lair:2   | Killed Nergalle
 17332 | Lair:2   | Reached skill level 12 in Spellcasting
 17574 | Lair:3   | Found a staircase to the Shoals.
 17675 | Lair:3   | Reached skill level 13 in Spellcasting
 17859 | Lair:3   | Found a transporter.
 17860 | Lair:3   | Found a transporter.
 17861 | Lair:3   | Noticed Yheosepp's ghost (journeyman HuGl)
 17868 | Lair:3   | Noticed an eight-headed hydra
 17871 | Lair:3   | Killed an eight-headed hydra
 17871 | Lair:3   | Reached skill level 14 in Spellcasting
 19202 | Lair:3   | Reached skill level 15 in Spellcasting
 19203 | Lair:3   | Killed Yheosepp's ghost
 19453 | D:9      | Bought 2 bubbling pink potions for 46 gold pieces
 19453 | D:9      | Bought a bubbling brown potion for 23 gold pieces
 19488 | D:9      | Bought a scroll of amnesia for 42 gold pieces
 20207 | Lair:4   | Found a hole to the Spider Nest.
 20355 | Lair:4   | Noticed an eight-headed hydra
 20359 | Lair:4   | Killed an eight-headed hydra
 20362 | Lair:4   | Noticed a four-headed hydra
 20365 | Lair:4   | Killed a four-headed hydra
 20365 | Lair:4   | Reached XP level 13. HP: 76/76 MP: 6/34
 21936 | Lair:5   | Reached skill level 10 in Dodging
 22429 | Lair:5   | Found a staircase to the Slime Pits.
 22439 | Lair:5   | Found a viscous altar of Jiyva.
 23393 | Lair:6   | Entered Level 6 of the Lair of Beasts
 23467 | Lair:6   | Offered knowledge of Iskenderun's Mystic Blast by Vehumet.
 23476 | Lair:6   | Learned a level 4 spell: Iskenderun's Mystic Blast
 24779 | Lair:6   | Noticed a fire dragon
 24792 | Lair:6   | Killed a fire dragon
 25578 | D:8      | Reached XP level 14. HP: 87/87 MP: 15/35
 26537 | D:11     | Reached skill level 10 in Fighting
 26615 | D:11     | Got a jewelled trident
 26718 | D:11     | Identified the +1 trident of Gloom {flame, Fragile rPois
                  | Str+4 Int+4} (You found it on level 11 of the Dungeon)
 26907 | D:11     | Found a runed translucent door.
 27288 | D:11     | Noticed a frost giant
 27294 | D:11     | Killed a frost giant
 27301 | D:11     | Got a faintly glowing mace
 27304 | D:11     | Identified the cursed +1 mace of the Many Deaths {crush,
                  | MR++ Int-5 Dex+2} (You found it on level 11 of the Dungeon)
 27398 | D:12     | Found Piegaip's Armour Emporium.
 27399 | D:12     | Offered knowledge of Iron Shot by Vehumet.
 27412 | D:11     | Learned a level 6 spell: Iron Shot
 27517 | D:12     | Found a staircase to the Orcish Mines.
 27522 | D:12     | Found Moaty's Weapon Emporium.
 27607 | D:12     | Bought a +1 buckler of fire resistance for 231 gold pieces
 27607 | D:12     | Bought the +1 cloak of Disaster {rC+} for 329 gold pieces
 27649 | D:12     | Found a transporter.
 27995 | D:12     | Got an ichor-stained great mace
 28132 | D:12     | Reached skill level 10 in Evocations
 28400 | D:12     | You fall through a shaft!
 28500 | D:13     | Found a gate to the Vaults.
 28906 | D:12     | Found a radiant altar of Vehumet.
 29725 | D:13     | Reached skill level 10 in Conjurations
 30112 | Orc:1    | Entered Level 1 of the Orcish Mines
 30326 | Orc:2    | Entered Level 2 of the Orcish Mines
 30482 | Orc:2    | Found a roughly hewn altar of Beogh.
 30490 | Orc:2    | Found Muats's Gadget Shop.
 30531 | Orc:2    | Found a roughly hewn altar of Beogh.
 30941 | Orc:2    | Reached skill level 10 in Fire Magic
 30951 | Orc:2    | Found a roughly hewn altar of Beogh.
 30960 | Orc:2    | Found Zyidgh's Book Shoppe.
 31100 | Orc:2    | Found a staircase to the Elven Halls.
 31324 | Orc:2    | Found a roughly hewn altar of Beogh.
 31476 | Orc:2    | Reached ****** piety under Vehumet
 31476 | Orc:2    | Offered knowledge of Spellforged Servitor by Vehumet.
 31510 | Orc:2    | Learned a level 7 spell: Spellforged Servitor
 31513 | Orc:2    | Found a roughly hewn altar of Beogh.
 31575 | Orc:2    | Reached XP level 15. HP: 92/92 MP: 18/36
 31736 | Orc:2    | Found Silotus's Gadget Shoppe.
 31918 | Orc:2    | Reached skill level 16 in Spellcasting
 32071 | Orc:2    | Noticed an orc warlord
 32085 | Orc:2    | Killed an orc warlord
 32163 | Orc:2    | Found Vonidd's Antique Armour Emporium.
 32164 | Orc:2    | Found a roughly hewn altar of Beogh.
 32167 | Orc:2    | Found Ceceitygh's Antique Weapon Shoppe.
 33067 | D:12     | Found a transporter.
 33174 | D:12     | Got a pair of distressingly furry gloves
 33181 | D:12     | Identified the -1 pair of gloves of Kum Enel {rPois Int+2
                  | Stlth+} (You found it on level 12 of the Dungeon)
 33328 | D:12     | Bought the cursed +0 pair of gloves of the Undertaker
                  | {*Contam rElec Str+2 Int+3 Slay+4} for 520 gold pieces
 33359 | D:13     | Learned a level 1 spell: Apportation
 33363 | D:13     | Learned a level 3 spell: Regeneration
 33377 | D:14     | Found Bevoip's Armour Boutique.
 33438 | D:14     | Found Runymaqo's Armour Boutique.
 33438 | D:14     | Found Miakk's Assorted Antiques.
 33451 | D:14     | Found Musuc's Assorted Antiques.
 33463 | D:14     | Bought an encrusted ivory wand for 100 gold pieces
 33466 | D:14     | Bought a scroll labeled VAANLI VINALI for 34 gold pieces
 33466 | D:14     | Bought a scroll labeled NUWESUKHLO for 34 gold pieces
 33466 | D:14     | Bought a blackened gold wand for 136 gold pieces
 33466 | D:14     | Bought a runed helmet for 255 gold pieces
 33605 | D:14     | Noticed Azrael
 33621 | D:14     | Killed Azrael
 33621 | D:14     | Reached skill level 1 in Charms
 33621 | D:14     | Reached skill level 1 in Necromancy
 34039 | D:14     | Noticed Snorg
 34043 | D:14     | Killed Snorg
 34291 | D:14     | Found a shimmering altar of Xom.
 34404 | D:14     | Noticed Agnes
 34410 | D:14     | Killed Agnes
 34807 | D:14     | Identified a scroll of acquirement
 34847 | D:14     | Bought the +1 buckler of the Arcane {rF+ Dex+4} for 319
                  | gold pieces
 34861 | D:14     | Bought a wand of iceblast (9) for 136 gold pieces
 34864 | D:14     | Bought a scroll of identify for 50 gold pieces
 34864 | D:14     | Bought a scroll of teleportation for 75 gold pieces
 34867 | D:14     | Bought a potion of curing for 102 gold pieces
 34867 | D:14     | Bought a wand of disintegration (9) for 136 gold pieces
 34946 | Orc:2    | Bought a wand of paralysis (7) for 135 gold pieces
 34946 | Orc:2    | Bought a wand of iceblast (10) for 210 gold pieces
 34946 | Orc:2    | Bought a wand of paralysis (8) for 150 gold pieces
 35073 | D:9      | Bought a scroll of teleportation for 36 gold pieces
 35073 | D:9      | Bought a scroll of teleportation for 36 gold pieces
 35073 | D:9      | Bought a scroll of silence for 90 gold pieces
 48827 | Elf:1    | Entered Level 1 of the Elven Halls
 48987 | Elf:1    | Reached skill level 17 in Spellcasting
 49217 | Elf:1    | Noticed Kirke
 49223 | Elf:1    | Killed Kirke
 49223 | Elf:1    | Reached skill level 5 in Charms
 49363 | Elf:1    | Offered knowledge of Freezing Cloud by Vehumet.
 49405 | Elf:1    | Reached skill level 5 in Necromancy
 49893 | Elf:1    | Reached skill level 18 in Spellcasting
 49919 | Elf:1    | Reached XP level 16. HP: 97/97 MP: 28/40
 50045 | Elf:1    | Identified Sif Muna's Tome of the Entourage
 51306 | Elf:2    | HP: 1/97 [deep elf knight/shard of ice (38)]
 51306 | Elf:2    | Shot with an arrow by a deep elf archer

Levels and vault maps discovered:
D:1:      dpeg_arrival_renting, layout_loops_ring, minmay_cut_off
D:2:      layout_basic, first_ration, chequers_serial_rivers_micro_b,
          uniq_terence
D:3:      layout_loops_ring, fedhas_altar_fruit_tree, uniq_ijyb
D:4:      layout_loops_ring
D:5:      lemuel_ratsnest, layout_loops_corners, minmay_misc_feat_columns
D:6:      minmay_angry_zag, layout_gridville, minmay_overflow_temple_star_hex,
          minmay_temple_entry_mini_moons, minmay_joined_circles
D:7:      layout_cave_pods, minmay_misc_feat_pillars
D:8:      layout_basic, david_nohive_1
D:9:      layout_stronghold, lemuel_zombie_altar_kikubaaqudgha,
          old_standard_altar, serial_shops, nicolae_shop_crystal, shop_statue,
          kennysheep_little_box, nicolae_shop_trees, minmay_orc_keep,
          uniq_joseph
D:10:     lemuel_insect_pit, layout_basic, due_lair_maze_entry_diamond,
          uniq_psyche
D:11:     layout_cave_pools, lightli_airlock
D:12:     gammafunk_sealed_library, layout_basic, orc_david_3,
          eino_small_chamber_without_monster
D:13:     layout_roguey, erik_vaults_2
D:14:     layout_basic, patterned_corridor, minmay_gold_behind_fungi,
          minmay_shop_grid_forest, fountainhead, david_defended_altar_elf,
          uniq_agnes, uniq_azrael, uniq_snorg
Temple:   regret_index_temple_waves
Lair:1:   layout_hall_layers, special_room [special_room_bee],
          grunt_megastairs_1, uniq_urug
Lair:2:   layout_regular_city, minivault_24, uniq_nergalle
Lair:3:   layout_cave_pods, elwin_shoals_entry_rocks, gammafunk_ghost_hive,
          chequers_serial_rivers_room_b
Lair:4:   layout_loops_ring, nicolae_spider_entry_non_spiders,
          chequers_serial_rivers_small_b
Lair:5:   layout_layer_cave, slime_altar_1, grunt_forest_stairs_basic
Lair:6:   guppyfry_lair_end_dragon, layout_long_grid
Orc:1:    layout_diamond_mine, serial_shops, shop, uniq_sonja
Orc:2:    grunt_orc_community_town_hall, layout_caves,
          grunt_orc_community_big_house_2, grunt_orc_community_big_house_2,
          grunt_orc_community_house_3, grunt_orc_community_house_3,
          grunt_orc_community_house_3, grunt_orc_community_house_3,
          grunt_orc_community_house_2, grunt_orc_community_house_1,
          serial_shops, shop, mines3_lemuel
Elf:1:    layout_gridlike, minmay_elf_demonology, uniq_kirke
Elf:2:    layout_geoelf_octagon, hex_intersection

Skill      XL: |  1  2  3  4  5  6  7  8  9 10 11 12 13 14 15 |
---------------+----------------------------------------------+-----
Conjurations   | 2 3 4 5 6 8 9 10 12 | 12.2
Spellcasting   | 4 5 6 9 11 15 18 | 18.2
Fire Magic     | 4 5 6 8 10 | 10.4
Dodging        | 4 6 8 11 | 11.0
Shields        | 2 4 |  4.0
Fighting       | 2 5 6 9 10 | 10.0
Translocations | 2 |  2.0
Poison Magic   | 2 |  2.0
Air Magic      | 2 |  2.0
Armour         | 4 |  4.0
Summonings     | 2 |  2.0
Evocations     | 1 6 7 10 | 10.0
Earth Magic    | 5 7 8 |  8.0
Charms         | 5 |  5.1
Necromancy     | 5 |  5.1
Stealth        | |  2.4

Action                   |  1- 3 |  4- 6 |  7- 9 | 10-12 | 13-15 | 16-18 || total
-------------------------+-------+-------+-------+-------+-------+-------++-------
Melee: Mace              |       |    48 |     6 |       |       |       ||    54
       Trident           |       |       |    28 |    67 |    17 |       ||   112
       Unarmed           |       |       |       |       |     4 |       ||     4
 Cast: Flame Tongue      |    83 |   124 |   294 |   243 |     7 |       ||   751
       Conjure Flame     |     1 |     1 |    12 |    18 |       |       ||    32
       Sticky Flame      |       |     2 |    28 |    57 |    28 |       ||   115
       Fireball          |       |       |     2 |   107 |   271 |     8 ||   388
       Lee's Rapid Decon |       |       |       |     1 |     1 |       ||     2
       Iskenderun's Myst |       |       |       |       |   485 |     5 ||   490
       Blink             |       |       |       |       |     4 |     1 ||     5
       Iron Shot         |       |       |       |       |     7 |       ||     7
Evoke: Wand              |       |       |       |    30 |    36 |       ||    66
       Sack of spiders   |       |       |       |       |     1 |       ||     1
       Lamp of fire      |       |       |       |       |     1 |       ||     1
  Use: Scroll            |       |       |     5 |     4 |    28 |       ||    37
       Potion            |       |       |       |       |     1 |       ||     1
 Stab: Sleeping          |       |       |     1 |       |       |       ||     1
       Paralysed         |       |       |       |    11 |     8 |       ||    19
  Eat: Chunk             |     3 |     9 |    19 |    26 |    30 |     1 ||    88
       Ration            |       |       |     2 |     3 |    18 |     1 ||    24
Armor: Robe              |     3 |    18 |    30 |    64 |    63 |     2 ||   180
Dodge: Dodged            |    22 |    65 |   155 |   197 |   202 |     2 ||   643
Block: Buckler           |       |       |    38 |    64 |    70 |     3 ||   175

Table legend:
 A = Non-vault XP
 B = Vault XP
 C = Vault XP percentage of total XP
 D = Non-vault monster count
 E = Vault monster count
 F = Vault count percentage of total count
                 A         B        C        D         E       F
            +---------+---------+-------+---------+---------+-------
      Total |  105624 |   53843 |  33.8 |     603 |     297 |  33.0
            +---------+---------+-------+---------+---------+-------
        D:1 |      41 |       4 |   8.9 |      26 |       3 |  10.3
        D:2 |     127 |      36 |  22.1 |      28 |       1 |   3.4
        D:3 |     221 |      35 |  13.7 |      32 |       1 |   3.0
        D:4 |     292 |       0 |   0.0 |      17 |       0 |   0.0
        D:5 |     153 |     366 |  70.5 |       6 |      33 |  84.6
        D:6 |     625 |     420 |  40.2 |      16 |       8 |  33.3
        D:7 |    1252 |       0 |   0.0 |      24 |       0 |   0.0
        D:8 |     302 |    1454 |  82.8 |      10 |      18 |  64.3
        D:9 |    1651 |     601 |  26.7 |      30 |      12 |  28.6
       D:10 |    5952 |    1763 |  22.9 |      48 |      22 |  31.4
       D:11 |    4130 |    3098 |  42.9 |      33 |      12 |  26.7
       D:12 |    7295 |    6627 |  47.6 |      30 |      22 |  42.3
       D:13 |    7454 |    8048 |  51.9 |      31 |       8 |  20.5
       D:14 |    8269 |    5292 |  39.0 |      29 |       8 |  21.6
     Lair:1 |    2608 |    2876 |  52.4 |      15 |      28 |  65.1
     Lair:2 |    3907 |     812 |  17.2 |      11 |       1 |   8.3
     Lair:3 |    7721 |    2209 |  22.2 |      32 |       9 |  22.0
     Lair:4 |    9019 |     566 |   5.9 |      30 |       8 |  21.1
     Lair:5 |   11745 |       0 |   0.0 |      40 |       0 |   0.0
     Lair:6 |    4039 |    4696 |  53.8 |      16 |      17 |  51.5
      Orc:1 |    1457 |       0 |   0.0 |       8 |       0 |   0.0
      Orc:2 |    4186 |    7713 |  64.8 |      56 |      75 |  57.3
      Elf:1 |   20686 |    7227 |  25.9 |      31 |      11 |  26.2
      Elf:2 |    2492 |       0 |   0.0 |       4 |       0 |   0.0
            +---------+---------+-------+---------+---------+-------
